 Dungeon Crawl Stone Soup version 0.31-a0-198-g2ad674f65e (webtiles) character file.

Game seed: 259509887652982397

72 qw the Shooter (level 4, -2/25 HPs)
             Began as a Deep Elf Hunter on June 25, 2023.
             Slain by a rat (3 damage)
             ... on level 3 of the Dungeon.
             The game lasted 00:00:36 (1777 turns).

qw the Shooter (Deep Elf Hunter)                    Turns: 1777, Time: 00:00:37

Health: -2/25      AC:  3    Str: 10    XL:     4   Next: 6%
Magic:  6/6        EV: 12    Int: 14    God:
Gold:   138        SH:  0    Dex: 18    Spells: 3/3 levels left

rFire   . . .        Y - +0 shortbow
rCold   . . .        (shield currently unavailable)
rNeg    . . .        c - +0 leather armour
rPois   .            (no helmet)
rElec   .            (no cloak)
rCorr   .            (no gloves)
SInv    .            (no boots)
Will    .....        (no amulet)
Stlth   ++           (no ring)
HPRegen 0.24/turn    (no ring)
MPRegen 0.10/turn

%: no passive effects
@: no status effects
A: no striking features
a: no special abilities


You were on level 3 of the Dungeon.
You visited 1 branch of the dungeon, and saw 3 of its levels.

You collected 138 gold pieces.


   Skills:
 - Level 1.5 Fighting
 + Level 7.5 Ranged Weapons
 - Level 2.4 Dodging
 - Level 1.2 Stealth


You had 3 spell levels left.
You didn't know any spells.
Your spell library was empty.

Inventory:

Hand Weapons
 Y - a +0 shortbow (weapon)
Armour
 c - a +0 leather armour (worn)
Scrolls
 b - a scroll of identify
Potions
 d - 3 potions of curing
 e - a potion of haste
 i - a potion of degeneration {unknown}

Dungeon Overview and Level Annotations

Branches:
Dungeon (3/15)

Altars:

Annotations:
D:2 1 runed translucent door, Crazy Yiuf
D:3 Grinder


Message History

You shoot an arrow.
The arrow hits Grinder but does no damage.
Grinder is moderately wounded.
Grinder says, "Make like a tree!"
Grinder barely misses you.
You shoot an arrow. The arrow barely misses Grinder.
The rat misses you. Grinder gestures at you. Pain shoots through your body!
You shoot an arrow.
The arrow hits Grinder but does no damage.
Grinder is moderately wounded.
The rat bites you but does no damage. Grinder hits you.
You shoot an arrow. The arrow closely misses Grinder.
The rat closely misses you.
Grinder blinks!
You shoot an arrow.
The arrow hits Grinder but does no damage.
Grinder is moderately wounded.
The rat closely misses you. Grinder misses you.
You shoot an arrow. The arrow closely misses Grinder.
Grinder hits you but does no damage. The rat barely misses you.
You shoot an arrow. The arrow barely misses Grinder.
The rat closely misses you. Grinder gestures at you.
Pain shoots through your body!
You shoot an arrow. The arrow closely misses Grinder.
The rat closely misses you.
Grinder blinks!
You shoot an arrow. The arrow barely misses Grinder.
Grinder barely misses you. The rat barely misses you.
You shoot an arrow. The arrow hits Grinder.
Grinder is moderately wounded.
The rat barely misses you. Grinder hits you!
You writhe in agony.
Grinder closely misses you. The rat barely misses you.
You shoot an arrow. The arrow hits Grinder!
Grinder is heavily wounded.
The rat misses you. Grinder closely misses you.
You shoot an arrow. The arrow hits Grinder.
Grinder is heavily wounded.
The rat bites you.
You die...

........#.#
........#.# ..
.../....#)# .#
........#.# .#
........<.# .##
####'#....# ..
#.#....#..####.#
#.#..#.#.>.(5r.#
#......# #@#
#(.#.#...####.###
#..#.#...#......#
#..#.###.#.##.#.#
#..# #.##.#.#
#..## ###.##.# .
#...## #......#
.. ####...#
#####..##[..#
#......#
#..##...#


You could see Grinder and a rat.

Vanquished Creatures
  Terence (D:2)
  2 worms
  A dart slug (D:2)
  An orc (D:3)
  3 endoplasms (D:1)
  3 giant cockroaches
  6 goblins
  2 hobgoblins
  2 jackals (D:1)
  A kobold (D:1)
  4 quokkas
  2 ball pythons (D:3)
  A bat (D:1)
  2 rats (D:2)
31 creatures vanquished.

Notes
Turn   | Place    | Note
-------+----------+-------------------------------------------
     0 | D:1      | qw the Deep Elf Hunter began the quest for the Orb.
     0 | D:1      | Reached XP level 1. HP: 12/12 MP: 3/3
     0 | D:1      | 0 ||| qw: Version: 0.3-a-22-g0ed2b0b
     0 | D:1      | 0 ||| qw: Game counter: 5189
     0 | D:1      | 0 ||| qw: Melee chars always use a shield: true
     0 | D:1      | 0 ||| qw: God list: Okawaru
     0 | D:1      | 0 ||| qw: Allow faded altars: false
     0 | D:1      | 0 ||| qw: Do Orc after clearing Dungeon:15 true
     0 | D:1      | 0 ||| qw: Do second Lair branch before Depths: true
     0 | D:1      | 0 ||| qw: Lair rune preference: random
     0 | D:1      | 0 ||| qw: Goals: Normal
     0 | D:1      | 0 ||| PLANNING D:1-11
   343 | D:1      | Reached skill level 6 in Ranged Weapons
   343 | D:1      | Reached XP level 2. HP: 16/16 MP: 4/4
   713 | D:1      | 713 ||| READING scroll labelled PIWNUH IRIMAST.
   714 | D:1      | 714 ||| READING scroll labelled COUCOR HUDDIOSK.
   715 | D:1      | 715 ||| DRINKING 2 dark potions.
   716 | D:1      | 716 ||| DRINKING 2 puce potions.
   717 | D:1      | 717 ||| DROPPING scroll of butterflies.
   856 | D:2      | Reached XP level 3. HP: 20/20 MP: 5/5
  1461 | D:2      | Found a runed translucent door.
  1462 | D:2      | Noticed Crazy Yiuf
  1532 | D:2      | Noticed Terence
  1537 | D:2      | HP: 5/20 [Terence/+0 trident (8)]
  1538 | D:2      | 1538 ||| DRINKING 2 grey potions.
  1543 | D:2      | 1543 ||| FLEEEEING.
  1544 | D:2      | 1544 ||| FLEEEEING.
  1547 | D:2      | 1547 ||| DRINKING 2 fuming coppery potions.
  1551 | D:2      | HP: 6/30 [Terence/+0 trident (5)]
  1552 | D:2      | 1552 ||| DRINKING potion of heal wounds.
  1584 | D:2      | Killed Terence
  1585 | D:2      | Reached skill level 7 in Ranged Weapons
  1639 | D:2      | 1639 ||| DROPPING potion of lignification.
  1710 | D:3      | Reached XP level 4. HP: 25/25 MP: 6/6
  1761 | D:3      | Noticed Grinder
  1775 | D:3      | HP: 3/25 [Grinder (9)]
  1775 | D:3      | HP: 1/25 [Grinder (2)]
  1777 | D:3      | Slain by a rat

Levels and vault maps discovered:
D:1:      dpeg_arrival_leaves_temple_mockup, layout_basic, serial_bayou,
          serial_bayou_shore_a, serial_bayou_lagoon_a, serial_bayou_shore_b,
          serial_bayou_shore_b, serial_bayou_pond_c, minmay_misc_feat_doors
D:2:      mumra_celtic_spiral_tile, layout_basic, uniq_crazy_yiuf_cottage,
          uniq_terence
D:3:      layout_basic, grunt_temple_overflow_lords_of_destruction, uniq_grinder

Skill      XL: |  1  2  3 |
---------------+----------+-----
Ranged Weapons | 6 7 |  7.5
Fighting       | |  1.5
Dodging        | |  2.4
Stealth        | |  1.2

Action                     |  1- 3 |  4- 6 || total
---------------------------+-------+-------++-------
   Fire: Shortbow          |   102 |    17 ||   119
    Use: Potion            |     5 |       ||     5
         Scroll            |     2 |       ||     2
 Armour: Leather armour    |     7 |     2 ||     9
         Skin              |    20 |       ||    20
  Dodge: Dodged            |    13 |    18 ||    31

Table legend:
 A = Non-vault XP
 B = Vault XP
 C = Vault XP percentage of total XP
 D = Non-vault monster count
 E = Vault monster count
 F = Vault count percentage of total count
                 A         B        C        D         E       F
            +---------+---------+-------+---------+---------+-------
      Total |      65 |      38 |  36.9 |      30 |       1 |   3.2
            +---------+---------+-------+---------+---------+-------
        D:1 |      27 |       0 |   0.0 |      14 |       0 |   0.0
        D:2 |      25 |      38 |  60.3 |      11 |       1 |   8.3
        D:3 |      13 |       0 |   0.0 |       5 |       0 |   0.0
            +---------+---------+-------+---------+---------+-------
